 Dungeon Crawl Stone Soup version 0.21.1-1-g345015f (webtiles) character file.

2669 goulibeur the Agent of Entropy (level 9, -6/69 HPs)
             Began as a Demonspawn Abyssal Knight on July 15, 2018.
             Was a Priest of Lugonu.
             Mangled by an orc warrior
             ... wielding a +0 glaive
              (10 damage)
             ... on level 7 of the Dungeon.
             The game lasted 00:28:43 (10579 turns).

goulibeur the Agent of Entropy (DsAK)              Turns: 10579, Time: 00:28:44

Health: -6/69      AC: 16    Str: 13    XL:     9   Next: 37%
Magic:  0/16       EV:  5    Int: 13    God:    Lugonu [***...]
Gold:   425        SH:  0    Dex: 16    Spells: 8/8 levels left

rFire    . . .     SeeInvis .   E - +1 flail (crush)
rCold    . . .     Gourm    .   (no shield)
rNeg     . . .     Faith    .   l - +1 plate armour
rPois    .         Spirit   +   y - +0 helmet (curse)
rElec    .         Reflect  .   (no cloak)
rCorr    .         Harm     .   (no gloves)
MR       .....                  (no boots)
Stlth    ..........             (no amulet)
HPRegen  0.21/turn              (no ring)
MPRegen  0.15/turn              (no ring)

@: no status effects
A: hooves 1, slimy green scales 1, powered by death 1, magic shield
a: Depart the Abyss, Bend Space, Banish, Renounce Religion


You were on level 7 of the Dungeon.
You worshipped Lugonu.
Lugonu was most pleased with you.
You were not hungry.

You visited 1 branch of the dungeon, and saw 7 of its levels.
You visited the Abyss 1 time.
You also visited: Sewer and Ossuary.

You collected 425 gold pieces.

Inventory:

Hand Weapons
 a - a +2 short sword
 E - a +1 flail of crushing (weapon)
Armour
 b - a +0 leather armour
 l - a +1 plate armour (worn)
 x - a +0 large shield
 y - a cursed +0 helmet (worn)
Wands
 p - a wand of acid (11)
 w - a wand of iceblast (5)
 z - a wand of digging (11)
 A - a wand of random effects (30)
Scrolls
 d - 8 scrolls of identify
 e - 3 scrolls of enchant armour
 f - 3 scrolls of enchant weapon
 g - a scroll of immolation {unknown}
 j - 7 scrolls of remove curse
 o - 5 scrolls of teleportation
 C - a scroll of brand weapon {unknown}
Potions
 h - 2 potions of magic
 i - 8 potions of curing {unknown}
 k - 5 potions of heal wounds {unknown}
 m - a potion of degeneration {unknown}
 n - a potion of ambrosia {unknown}
 r - 4 potions of flight {unknown}
 s - a potion of cancellation {unknown}
 t - 4 potions of brilliance {unknown}
 u - 3 potions of lignification {unknown}
 v - 3 potions of agility {unknown}
Books
 q - a book of Minor Magic

   Spells                             Type                      Level
   a - Magic Dart                     Conjuration                  1
   b - Blink                          Translocation                2
   c - Call Imp                       Summoning                    2
   d - Slow                           Hexes                        2
   e - Conjure Flame                  Conjuration/Fire             3
   f - Mephitic Cloud                 Conjuration/Poison/Air       3
 B - a book of Maledictions

   Spells                             Type                      Level
   a - Corona                         Hexes                        1
   b - Ensorcelled Hibernation        Hexes/Ice                    2
   c - Confuse                        Hexes                        3
   d - Tukima's Dance                 Hexes                        3
   e - Dazzling Spray                 Conjuration/Hexes            3
 D - a book of Frost

   Spells                             Type                      Level
   a - Freeze                         Ice                          1
   b - Throw Frost                    Conjuration/Ice              2
   c - Ozocubu's Armour               Charms/Ice                   3
   d - Throw Icicle                   Conjuration/Ice              4
   e - Summon Ice Beast               Ice/Summoning                4
Comestibles
 c - 8 rations


   Skills:
 + Level 6.2 Fighting
 - Level 1.7 Short Blades
 + Level 5.2 Armour
 + Level 4.9 Dodging
 + Level 3.4 Shields
 * Level 10.3 Invocations


You had 8 spell levels left.
You didn't know any spells.

Dungeon Overview and Level Annotations

Branches:
Dungeon (7/15)             Temple (0/1) D:6

Altars:
Kikubaaqudgha
Okawaru
Trog
Wu Jian

Annotations:
D:3 eyesofgods1's ghost, weakling DDNe
Abyss:1 Menkaure


Innate Abilities, Weirdness & Mutations

You have large cloven feet.
You are partially covered in slimy green scales. (AC +2)
You regenerate a little health from kills.
When hurt, damage is shared between your health and your magic reserves.


Message History

You hit the orc warrior. Your kick misses the orc warrior.
The orc warrior is severely wounded.
The orc hits you but does no damage. x2
The orc warrior hits you with a glaive!
* * * LOW HITPOINT WARNING * * *
Your plate armour prevents you from hitting the orc warrior.
The orc warrior is severely wounded.
The orc hits you but does no damage. The orc warrior barely misses you.
Unknown command.
The orc hits you but does no damage.
The orc warrior hits you but does no damage.
You don't have enough magic at the moment.
Magic courses through your body. The orc hits you but does no damage.
Press: ? - help, Shift-Dir - straight line, f - orc
Aim: an orc, wielding a short sword (chance to defeat MR: 95%)
The orc is devoured by a tear in reality.
Lugonu claims a new guest.
You feel somewhat more hungry.
The orc warrior hits you from afar with a glaive!!
You die...

.. .###### .....# ....#
#######...# ##....##...#######
#§.....(..........
+@§o..............
########...##..... ..######.#
####)######## .........#
#...(.##..## ........#
+..........# ... .......#
#..........#. #... #..##.#
#....###(....
##...####..##.#######....###.####
..................#.........(.#


You could see an orc warrior.

Vanquished Creatures
  A water moccasin (D:5)
  An ice beast (D:5)
  6 ogres
  A centaur (D:5)
  2 big kobolds (Sewer)
  Blork the orc (D:6)
  4 bullfrogs
  4 water moccasin zombies (Ossuary)
  A scorpion (D:4)
  A howler monkey (D:6)
  2 crimson imps (D:5)
  A bullfrog zombie (D:5)
  A jelly (D:6)
  2 hounds
  A centaur skeleton (D:5)
  A bullfrog skeleton (D:7)
  Natasha (thrice) (D:4 D:5)
  3 worker ants
  3 big kobold zombies (Ossuary)
  2 mummies (Ossuary)
  3 adders
  2 river rats (D:6)
  3 shadow imps
  2 oozes
  5 adder zombies
  4 worms
  A dart slug (D:1)
  2 leopard geckos
  5 orcs
  7 giant cockroaches
  5 gnoll zombies (Ossuary)
  5 hobgoblins
  6 jackals
  15 kobolds
  4 quokkas
  7 ball pythons
  7 bats
  8 frilled lizards
  11 goblins
  3 hobgoblin zombies (Ossuary)
  7 kobold zombies (Ossuary)
  6 orc zombies (Ossuary)
  A quokka zombie (D:4)
  9 rats
  A rat zombie (D:4)
170 creatures vanquished.

Vanquished Creatures (others)
  The ghost of Ethylacetat the Spear-Bearer, a novice NaGl (D:7)
  An orc warrior (D:7)
  An ogre (D:7)
  An adder (D:7)
  An orc (D:7)
  A plant (Sewer)
6 creatures vanquished.

Grand Total: 176 creatures vanquished

Notes
Turn   | Place    | Note
-------+----------+-------------------------------------------
     0 | Abyss:1  | goulibeur the Demonspawn Abyssal Knight began the quest for the Orb.
     0 | Abyss:1  | Reached XP level 1. HP: 18/18 MP: 2/2
    84 | Abyss:1  | Noticed a small abomination
    85 | D:1      | Escaped the Abyss
   257 | D:1      | Reached skill level 1 in Dodging
   333 | D:1      | Reached * piety under Lugonu
   333 | D:1      | Gained mutation: You have large cloven feet. [demonic ancestry]
   333 | D:1      | Reached XP level 2. HP: 24/24 MP: 4/4
   335 | D:1      | Reached skill level 3 in Invocations
  1007 | D:2      | Reached XP level 3. HP: 10/29 MP: 5/5
  1504 | D:2      | Found a bloodstained altar of Trog.
  1690 | D:2      | Reached skill level 4 in Invocations
  1690 | D:2      | Gained mutation: You are partially covered in slimy green scales. (AC +2) [demonic ancestry]
  1690 | D:2      | Reached XP level 4. HP: 32/35 MP: 5/7
  2033 | D:2      | Noticed an ogre
  2338 | D:2      | Reached ** piety under Lugonu
  2772 | D:3      | Noticed eyesofgods1's ghost (weakling DDNe)
  2808 | D:4      | Noticed an ogre
  3339 | D:4      | Noticed Natasha
  3346 | D:4      | Killed Natasha
  3351 | D:4      | Found a sand-covered staircase.
  3358 | Ossuary  | Entered an ossuary
  3486 | Ossuary  | Reached skill level 5 in Invocations
  3486 | Ossuary  | Reached XP level 5. HP: 28/42 MP: 8/8
  3661 | Ossuary  | Gained mutation: When hurt, damage is shared between your health and your magic reserves. [demonic ancestry]
  3661 | Ossuary  | Reached XP level 6. HP: 33/48 MP: 10/10
  3837 | Ossuary  | Reached skill level 6 in Invocations
  3900 | Ossuary  | Reached *** piety under Lugonu
  4271 | D:4      | Found a bloodstained altar of Trog.
  4430 | D:4      | Gained mutation: You regenerate a little health from kills. [demonic ancestry]
  4430 | D:4      | Reached XP level 7. HP: 42/55 MP: 9/11
  4589 | D:4      | Found an ancient bone altar of Kikubaaqudgha.
  4621 | D:4      | Noticed Menkaure
  4621 | D:4      | Banished Menkaure
  4696 | D:4      | Reached skill level 7 in Invocations
  4958 | D:5      | Entered Level 5 of the Dungeon
  5065 | D:5      | Noticed Natasha
  5083 | D:5      | Killed Natasha
  5276 | D:5      | Found an ornate altar of the Wu Jian Council.
  5298 | D:5      | Reached skill level 1 in Shields
  5526 | D:5      | Reached skill level 5 in Fighting
  5580 | D:5      | Reached XP level 8. HP: 62/62 MP: 11/13
  5601 | D:5      | Reached skill level 8 in Invocations
  5935 | D:5      | Noticed Natasha
  5942 | D:5      | Killed Natasha
  6358 | D:6      | Found a glowing drain.
  6433 | D:6      | Reached **** piety under Lugonu
  6450 | Sewer    | Entered a sewer
  7264 | D:6      | Reached skill level 9 in Invocations
  7401 | D:6      | Found a staircase to the Ecumenical Temple.
  7401 | D:6      | Noticed Blork the orc
  7422 | D:6      | Killed Blork the orc
  8961 | D:6      | Found an iron altar of Okawaru.
  9071 | D:7      | Reached XP level 9. HP: 31/69 MP: 7/16
  9125 | D:7      | Noticed Ethylacetat's ghost (novice NaGl)
  9404 | D:7      | Banished Ethylacetat's ghost
  9404 | D:7      | Reached skill level 5 in Armour
  9404 | D:7      | Reached skill level 10 in Invocations
 10567 | D:7      | HP: 1/69 [orc warrior/glaive (13)]
 10579 | D:7      | Mangled by an orc warrior

Skill      XL: |  1  2  3  4  5  6  7  8  9 |
---------------+----------------------------+-----
Dodging        | 1 2 3 4 |  4.9
Invocations    | 3 4 5 6 7 9 10 | 10.3
Armour         | 2 3 4 5 |  5.2
Fighting       | 4 5 6 |  6.2
Shields        | 1 2 3 |  3.4
Short Blades   | |  1.7

Action                   |  1- 3 |  4- 6 |  7- 9 || total
-------------------------+-------+-------+-------++-------
Melee: Short sword       |   160 |   286 |   625 ||  1071
       Kick              |    28 |    85 |   183 ||   296
       Flail             |       |       |    12 ||    12
Invok: Depart the Abyss  |     1 |       |       ||     1
       Banish            |       |       |     6 ||     6
  Use: Scroll            |       |     8 |     2 ||    10
       Potion            |       |       |     1 ||     1
  Eat: Chunk             |     3 |     2 |    16 ||    21
       Ration            |       |     2 |     2 ||     4
Armor: Leather armour    |     7 |       |       ||     7
       Plate armour      |   128 |   177 |   438 ||   743
Dodge: Dodged            |    42 |    44 |   154 ||   240
